 Dungeon Crawl Stone Soup version 0.18-a0-987-g0b0e4e7 (webtiles) character file.

1388 Jmtri7 the Fighter (level 8, -13/79 HPs)
             Began as a Hill Orc Berserker on Jan 3, 2016.
             Was an Initiate of Beogh.
             Mangled by a polar bear (15 damage)
             ... created by the rage of Trog
             ... on level 6 of the Dungeon.
             The game lasted 00:26:53 (4053 turns).

Jmtri7 the Fighter (Hill Orc Berserker)             Turns: 4053, Time: 00:26:53

Health: -13/79     AC: 11    Str: 27    XL:     8   Next: 67%
Magic:  8/8        EV: 11    Int:  7    God:    Beogh [......]
Gold:   272        SH:  0    Dex: 10    Spells: 0 memorised, 7 levels left

rFire  . . .     SeeInvis .     u - +0 battleaxe
rCold  . . .     Gourm    .     p - +3 leather armour {rPois}
rNeg   . . .     Faith    .     (shield currently unavailable)
rPois  +         Spirit   .     (no helmet)
rElec  .         Dismiss  .     w - +0 cloak
rCorr  .         Reflect  .     c - +0 pair of gloves
SustAt .         Harm     .     (no boots)
MR     +....                    (no amulet)
Stlth  +.........               A - ring of protection from magic
                                j - +3 ring of protection

@: mighty, somewhat resistant to hostile enchantments, very unstealthy
A: no striking features
a: Renounce Religion


You were on level 6 of the Dungeon.
You worshipped Beogh.
Beogh was noncommittal.
You were not hungry.

You visited 2 branches of the dungeon, and saw 7 of its levels.

You collected 272 gold pieces.

Inventory:

Hand Weapons
 a - a +1 hand axe
 u - a +0 battleaxe (weapon)
Armour
 b - a +0 ring mail
 c - a +0 pair of gloves (worn)
 p - a +3 leather armour of poison resistance (worn)
 w - a +0 cloak (worn)
Jewellery
 j - a +3 ring of protection (left hand)
 s - an uncursed ring of fire
 A - a ring of protection from magic (right hand)
Wands
 l - a wand of fire (0/15)
 o - a wand of fire (10/15)
Scrolls
 f - a scroll of enchant armour
 h - 4 scrolls of remove curse
 k - 2 scrolls of fog
 q - 2 scrolls of blinking {unknown}
 B - a scroll of summoning {unknown}
Potions
 e - a potion of cancellation
 n - a potion of ambrosia {unknown}
 t - 2 potions of curing {unknown}
 v - a potion of mutation {unknown}
 z - a potion of poison {unknown}
Comestibles
 i - a slice of pizza
 m - 3 fruits
 r - 4 bread rations
 x - a beef jerky


   Skills:
 - Level 10.0 Fighting
 + Level 9.7 Axes
 - Level 2.1 Armour
 - Level 1.5 Dodging


You had 7 spell levels left.
You didn't know any spells.

Dungeon Overview and Level Annotations

Branches:
Dungeon (6/15)             Temple (1/1) D:5

Altars:
Ashenzari
Dithmenos
Elyvilon
Fedhas
Gozag
Nemelex Xobeh
Okawaru
Pakellas
Qazlal
Sif Muna
Trog
Vehumet
Xom
Yredelemnul
Zin
The Shining One


Message History

The polar bear claws you but does no damage. x2
The black bear closely misses you.
The black bear claws you but does no damage.
The black bear claws you.
* * * LOW HITPOINT WARNING * * *
The polar bear bites you.
* * * LOW HITPOINT WARNING * * *
The polar bear barely misses you. x2
The black bear barely misses you. The black bear closely misses you.
The black bear closely misses you.
You slice the black bear!!
You kill the black bear!
That felt strangely unrewarding.
You slash the polar bear!
The polar bear is moderately wounded.
The polar bear closely misses you.
The polar bear claws you but does no damage.
The polar bear barely misses you. The black bear closely misses you.
The black bear claws you but does no damage.
The black bear barely misses you. The polar bear bites you!
You die...

######............. ..#
#...............### ###
.#####.........##
..............##
.#######.....## .#
##...## .# ##.##
.########...############
..............hh@h.....<
#########...############
## ##.## .# #.# )# #.#
.#########.#
...........#
.########### .#


You could see 2 polar bears and a black bear (berserk).

Vanquished Creatures
  The ghost of password the Insei, an amateur HuMo of Cheibriados (D:4)
  A sky beast (D:6)
  A black bear (D:6)
  An ice beast (D:6)
  A centaur (D:6)
  An ogre (D:5)
  Blork the orc (D:6)
  A giant frog (D:6)
  2 scorpions (D:5)
  4 hounds
  An orc priest (D:5)
  2 centaur skeletons
  2 giant frog skeletons
  3 orc wizards (D:5)
  An iguana (D:5)
  Ijyb (D:3)
  3 worker ants
  A hound skeleton (D:4)
  4 adders
  A shadow imp (D:6)
  6 giant geckos
  14 orcs
  4 ball pythons
  3 bats (D:1)
  7 giant cockroaches
  12 goblins
  3 hobgoblins
  10 jackals
  2 quokkas
  2 giant gecko skeletons
  4 giant newts
  3 kobolds
  A quokka skeleton (D:6)
  9 rats
113 creatures vanquished.

Vanquished Creatures (others)
  An orc priest (D:5)
  2 orcs (D:5)
3 creatures vanquished.

Grand Total: 116 creatures vanquished

Notes
Turn   | Place    | Note
--------------------------------------------------------------
     0 | D:1      | Jmtri7 the Hill Orc Berserker began the quest for the Orb.
     0 | D:1      | Reached XP level 1. HP: 19/19 MP: 1/1
    81 | D:1      | Reached XP level 2. HP: 6/27 MP: 2/2
   631 | D:2      | Reached skill level 5 in Fighting
   631 | D:2      | Reached XP level 3. HP: 24/36 MP: 3/3
   678 | D:2      | Reached ** piety under Trog
   792 | D:3      | Found a white marble altar of Elyvilon.
   792 | D:3      | Found a glowing silver altar of Zin.
   792 | D:3      | Found a glowing golden altar of the Shining One.
   816 | D:3      | Found a blossoming altar of Fedhas.
  1077 | D:3      | Noticed Ijyb
  1097 | D:3      | Killed Ijyb
  1097 | D:3      | Reached skill level 6 in Fighting
  1097 | D:3      | Reached XP level 4. HP: 44/44 MP: 4/4
  1209 | D:3      | Found an iron altar of Okawaru.
  1561 | D:4      | Reached XP level 5. HP: 45/51 MP: 5/5
  1579 | D:4      | Reached skill level 7 in Fighting
  1662 | D:4      | Noticed password's ghost (amateur HuMo)
  1686 | D:4      | Killed password's ghost
  1686 | D:4      | Reached skill level 8 in Fighting
  1686 | D:4      | Reached XP level 6. HP: 25/62 MP: 6/6
  1902 | D:4      | Found an oddly glowing altar of Pakellas.
  1968 | D:4      | Reached skill level 9 in Fighting
  2189 | D:4      | Reached XP level 7. HP: 67/70 MP: 7/7
  2344 | D:5      | Entered Level 5 of the Dungeon
  2378 | D:5      | Found an opulent altar of Gozag.
  2493 | D:5      | Found a shimmering altar of Xom.
  2533 | D:5      | Found a staircase to the Ecumenical Temple.
  2535 | D:5      | Found a shimmering altar of Xom.
  2544 | Temple   | Entered the Ecumenical Temple
  2650 | D:5      | Found a shimmering altar of Xom.
  2712 | D:5      | Reached skill level 10 in Fighting
  2900 | D:5      | Fell from the grace of Trog
  2900 | D:5      | Became a worshipper of Beogh the Brigand
  2916 | D:5      | Reached skill level 5 in Axes
  3283 | D:5      | Reached XP level 8. HP: 70/79 MP: 8/8
  3630 | D:6      | Noticed Blork the orc
  3655 | D:6      | Killed Blork the orc
  4047 | D:6      | Noticed a polar bear
  4047 | D:6      | Noticed a polar bear
  4052 | D:6      | HP: 2/79 [polar bear[the rage of Trog] (6)]
  4053 | D:6      | Mangled by a polar bear

Vault maps used:
D:1:      lemuel_arrival_cross, kennysheep_pointless_box
D:2:      overflow_temple_1_default, first_bread, grunt_decor_clamped,
          grunt_qazlal_clouds
D:3:      kennysheep_the_goblin_king, good_gods_mini_temple, old_standard_altar,
          lemuel_doored_altar, portal_sewer_entry_e
D:4:      grunt_pakellas_basics, kennysheep_boxes
D:5:      xom_teletrap_fun, nicolae_gozag_seed_capital,
          minmay_temple_entry_crystal_x, st_stairs_9, minmay_stone_trees_small,
          hangedman_feature_mirror, kennysheep_small_square
D:6:      small_statue_intersection, uniq_blork_the_orc
Temple:   circular_temple_pool_8

Action                   |  1- 3 |  4- 6 |  7- 9 || total
-------------------------+-------+-------+-------++-------
Melee: Hand axe          |   125 |   140 |    41 ||   306
       Battleaxe         |       |       |   132 ||   132
Invok: Berserk           |     2 |     2 |     1 ||     5
       Convert to Beogh  |       |       |     1 ||     1
Evoke: Wand              |       |       |     1 ||     1
  Use: Scroll            |     1 |     5 |     5 ||    11
       Potion            |       |       |     3 ||     3
  Eat: Bread ration      |     1 |     1 |       ||     2
       Meat ration       |       |       |     2 ||     2
